 Dungeon Crawl Stone Soup version 0.30-a0-1163-gf69bf04e7a (webtiles) character file.

Game seed: 16055727504364907702

1656472 freelancePsychic the Bringer of Light (level 27, 188/188 HPs)
             Began as a Gargoyle Warper on Apr 27, 2023.
             Was the Champion of the Shining One.
             Escaped with the Orb
             ... and 3 runes on Apr 28, 2023!
             The game lasted 02:05:16 (72639 turns).

freelancePsychic the Bringer of Light (GrWr)       Turns: 72639, Time: 02:05:17

Health: 188/188    AC: 62    Str: 22    XL:     27
Magic:  40/40      EV: 15    Int: 20    God:    the Shining One [******]
Gold:   4870       SH: 38    Dex: 11    Spells: 22/34 levels left

rFire   + + +        f - +9 trishula (holy)
rCold   + + .        F - +5 tower shield {rF+}
rNeg    + + +        h - +1 gold dragon scales
rPois   ∞            Y - +2 helmet {Int+3}
rElec   +            R - +2 cloak {Will+}
rCorr   .            a - +1 pair of gloves "Buclol" {rN+ Dex+2 Slay+5 Stlth+}
SInv    .            J - +0 pair of boots of the Blacksmith {rElec rC+}
Will    +++..        z - brooch of Shielding {Spirit SH+8} Stlth
                     r - +5 ring of evasion
HPRegen 0.51/turn    C - +4 ring of protection
MPRegen 0.27/turn

%: guardian spirit
@: flying, glowing, studying 3 skills
A: sickness immunity, AC +20, big wings, negative energy resistance 1,
electricity resistance, torment resistance 1, petrification resistance, large
bone plates 1, clumsy 1, fire resistance 1, screaming 1, weak 1, sturdy frame 1
0: Orb of Zot
}: 3/15 runes: decaying, serpentine, abyssal
a: Renounce Religion, Divine Shield, Cleansing Flame, Summon Divine Warrior


You escaped.
You worshipped the Shining One.
The Shining One was exalted by your worship.
You visited 12 branches of the dungeon, and saw 51 of its levels.
You visited the Abyss 8 times.
You visited 1 bazaar.
You also visited: Trove.

You collected 7514 gold pieces.
You spent 2644 gold pieces at shops.

Inventory:

Hand Weapons
 f - a +9 trishula of holy wrath (weapon)
Missiles
 g - 3 boomerangs of dispersal
 l - 5 silver javelins
 v - 18 boomerangs
 A - 4 throwing nets
Armour
 a - the +1 pair of gloves "Buclol" (worn) {rN+ Dex+2 Slay+5 Stlth+}
   (You bought it in a shop on level 2 of the Orcish Mines)

   Dex:       It affects your dexterity (+2).
   Slay:      It affects your accuracy & damage with ranged weapons and melee
   (+5).
   rN:        It protects you from negative energy.
   Stlth:     It makes you more stealthy.
 h - +1 gold dragon scales (worn)
 t - the +7 plate armour of Moijuima {rC+ rCorr SInv}
   (You found it on level 3 of the Elven Halls)

   rC:        It protects you from cold.
   SInv:      It lets you see invisible.
   rCorr:     It protects you from acid and corrosion.
 F - a +5 tower shield of fire resistance (worn)
 J - the +0 pair of boots of the Blacksmith (worn) {rElec rC+}
   (You found it on level 1 of the Swamp)

   rC:        It protects you from cold.
   rElec:     It insulates you from electricity.
 R - a +2 cloak of willpower (worn)
 Y - a +2 helmet of intelligence (worn)
Jewellery
 b - an amulet of the acrobat
 r - a +5 ring of evasion (left hand)
 z - the brooch of Shielding (around neck) {Spirit SH+8}
   (You found it on level 3 of the Crypt)

   [amulet of guardian spirit]

   It causes incoming damage to be divided between your reserves of health and
   magic.
   SH:        It affects your SH (+8).
 C - a +4 ring of protection (right hand)
Wands
 n - a wand of flame (141) (quivered)
 x - a wand of quicksilver (32)
 G - a wand of polymorph (30)
 H - a wand of charming (95)
 P - a wand of roots (23)
 T - a wand of mindburst (69)
 X - a wand of digging (7)
Scrolls
 c - 7 scrolls of blinking
 i - 9 scrolls of fog
 s - 2 scrolls of silence
 u - 7 scrolls of poison
 y - 8 scrolls of immolation
 E - 9 scrolls of amnesia
 K - 7 scrolls of magic mapping
 N - 4 scrolls of butterflies
 S - 8 scrolls of fear
 V - 27 scrolls of identify {@r1}
 Z - 11 scrolls of teleportation {@r4}
Potions
 d - 8 potions of mutation
 j - a potion of haste {@q3}
 k - 12 potions of cancellation
 m - 20 potions of curing {@q1}
 o - 3 potions of invisibility
 p - 10 potions of ambrosia
 q - 4 potions of resistance
 w - 4 potions of lignification
 B - 4 potions of brilliance
 D - 3 potions of might
 M - 5 potions of attraction
 O - a potion of magic
 Q - 4 potions of heal wounds {@q2}
 W - 4 potions of berserk rage
Miscellaneous
 I - a phantom mirror
 L - a box of beasts
 U - a phial of floods


   Skills:
 + Level 23.3 Fighting
 - Level 2.2 Maces & Flails
 - Level 14.0 Polearms
 - Level 0.8 Throwing
 * Level 21.1 Armour
 + Level 13.6 Dodging
 - Level 3.9 Stealth
 - Level 22.0 Shields
 - Level 4.2 Spellcasting
 - Level 8.9 Summonings
 - Level 9.2 Translocations
 - Level 6.0 Ice Magic
 - Level 6.3 Air Magic
 O Level 27 Invocations
 - Level 3.4 Evocations


You had 22 spell levels left.
You knew the following spells:

 Your Spells              Type           Power      Damage    Failure   Level
a - Call Canine Familiar  Summ           40%        N/A       16%         3
b - Summon Ice Beast      Ice/Summ       34%        N/A       67%         4
c - Blink                 Tloc           82%        N/A       7%          2
i - Vhi's Electric Charg  Tloc/Air       70%        N/A       26%         3

Your spell library contained the following spells:

 Spells                   Type           Power      Damage    Failure   Level
 Summon Small Mammal      Summ           100%       N/A       5%          1
 Lesser Beckoning         Tloc           82%        N/A       7%          2
 Call Imp                 Summ           80%        N/A       8%          2
 Gell's Gravitas          Tloc           41%        N/A       14%         3
 Teleport Other           Tloc           41%        N/A       14%         3
 Freeze                   Ice            100%       1d10      17%         1
 Manifold Assault         Tloc           41%        N/A       43%         4
 Passage of Golubria      Tloc           41%        N/A       43%         4
 Frozen Ramparts          Ice            56%        1d9       45%         3
 Ozocubu's Armour         Ice            28%        N/A       45%         3
 Portal Projectile        Hex/Tloc       44%        N/A       67%         3
 Volatile Blastmotes      Fire/Tloc      44%        2d13      67%         3
 Summon Guardian Golem    Hex/Summ       22%        N/A       69%         3
 Summon Forest            Summ/Tloc      20%        N/A       80%         5
 Hailstorm                Conj/Ice       16%        3d6       87%         3
 Magic Dart               Conj           16%        1d3       91%         1
 Sandblast                Erth           8%         2d5       91%         1
 Mephitic Cloud           Conj/Pois/Air  12%        N/A       95%         3
 Passwall                 Tmut/Erth      3%         N/A       97%         2
 Animate Armour           Summ/Erth      44%        N/A       97%         4
 Iskenderun's Mystic Bla  Conj/Tloc      22%        2d6       97%         4
 Dazzling Flash           Conj/Hex       8%         N/A       99%         3
 Ignite Poison            Fire/Tmut/Pois 4%         N/A       99%         3
 Inner Flame              Hex/Fire       4%         N/A       99%         3
 Stone Arrow              Conj/Erth      8%         3d7       99%         3
 Tukima's Dance           Hex            4%         N/A       99%         3
 Ice Form                 Ice/Tmut       16%        N/A       99%         4
 Anguish                  Hex/Necr       2%         N/A       100%        4
 Cause Fear               Hex            2%         N/A       100%        4
 Fulminant Prism          Conj/Hex       2%         3d5       100%        4
 Leda's Liquefaction      Hex/Erth       2%         N/A       100%        4
 Petrify                  Tmut/Erth      4%         N/A       100%        4
 Sticky Flame             Conj/Fire      4%         2d3       100%        4
 Arcjolt                  Conj/Air       8%         1d18      100%        5
 Blade Hands              Tmut           2%         N/A       100%        5
 Lee's Rapid Deconstruct  Erth           2%         3d4*      100%        5
 Metabolic Englaciation   Hex/Ice        8%         N/A       100%        5
 Summon Mana Viper        Hex/Summ       22%        N/A       100%        5
 Yara's Violent Unravell  Hex/Tmut       2%         3d3       100%        5
 Conjure Ball Lightning   Conj/Air       8%         3x3d6     100%        6
 Dispersal                Tloc           20%        N/A       100%        6
 Iron Shot                Conj/Erth      2%         9d2       100%        6
 Plasma Beam              Fire/Air       8%         2x1d20    100%        6
 Simulacrum               Ice/Necr       8%         N/A       100%        6
 Starburst                Conj/Fire      2%         6d3       100%        6
 Summon Cactus Giant      Summ           20%        N/A       100%        6
 Enfeeble                 Hex            2%         N/A       100%        7
 Orb of Destruction       Conj           2%         9d5       100%        7
 Spellforged Servitor     Conj/Summ      11%        N/A       100%        7
 Discord                  Hex            2%         N/A       100%        8
 Disjunction              Tloc           20%        N/A       100%        8
 Ignition                 Fire           2%         3d3       100%        8
 Lehudib's Crystal Spear  Conj/Erth      2%         10d2      100%        8
 Maxwell's Capacitive Co  Air            14%        ∞         100%        8


Dungeon Overview and Level Annotations

Branches:
Dungeon (15/15)            Temple (1/1) D:6            Lair (5/5) D:11
  Swamp (4/4) Lair:3        Snake (4/4) Lair:2        Slime (0/5) Lair:5
    Orc (2/2) D:9             Elf (3/3) Orc:2        Vaults (4/5) D:14
  Crypt (3/3) Vaults:3       Tomb (0/3) Crypt:3      Depths (4/4) D:15
   Hell (visited)             Zot (5/5) Depths:4
    Dis: Hell:1         Geh: Hell:1         Coc: Hell:1         Tar: Hell:1

Altars:
Ashenzari
Cheibriados
Dithmenos
Elyvilon
Fedhas
Gozag
Hepliaklqana
Kikubaaqudgha
Makhleb
Nemelex Xobeh
Okawaru
Qazlal
Ru
Sif Muna
Trog
Uskayaw
Vehumet
Wu Jian
Xom
Yredelemnul
Zin
The Shining One
Jiyva
Lugonu

Shops:
D:2 *   D:3 (   D:6 *   D:7 *   D:8 *   D:10 :   Orc:2 [[(=   Elf:3 [
Vaults:1 ?   Vaults:4 ?

Portals:
Hell: Depths:1 Depths:2 Depths:3 Depths:4
Abyss: Depths:3 Depths:4
Pandemonium: Depths:2
Ziggurat: Depths:4

Annotations:
D:9 3 runed translucent doors, Buxus's ghost, journeyman DEAE
Elf:2 5 runed translucent doors
Depths:1 2 transporters
Depths:2 1 runed translucent door
Hell Geryon


Innate Abilities, Weirdness & Mutations

You are immune to sickness and miasma.
Your stone body is resilient. (AC +20)
You are immune to poison.
Your large and strong wings let you fly.
You resist negative energy. (rN+)
You are resistant to electric shocks. (rElec)
You are resistant to unholy torment.
You are immune to petrification.
You are partially covered in large bone plates. (SH +4)
You are clumsy. (Dex -2)
Your flesh is heat resistant. (rF+)
You occasionally shout uncontrollably at your foes.
You are weak. (Str -2)
Your movements are slightly less encumbered by armour. (ER -2)


Message History

The Shining One accepts your kill. You block the sun demon's attack.
You puncture the sun demon!
The sun demon convulses!
The sun demon is heavily wounded.
You block the sun demon's attack.
You completely miss the sun demon.
The sun demon is heavily wounded.
The sun demon barely misses you.
You impale the sun demon!!
You kill the sun demon!
The Shining One accepts your kill.
No target in view!
No target in view!
No target in view!
No target in view!
No target in view!
No target in view!
No target in view!
No target in view!
No target in view!
No target in view!
No target in view!
No target in view!
No target in view!
(D) Dungeon (T) Temple (L) Lair (S) Swamp (P) Snake Pit (M) Slime Pits (O) Orcish Mines (E) Elven Halls (V) Vaults (C) Crypt (W) Tomb (U) Depths (H) Hell (Z) Zot
Where to? (Enter - D:1 @ (x,y), ? - help)
You see here a +2 demon whip of venom.
There is a stone staircase leading up here.
You fly upwards.
There is a stone staircase leading down here.
There is an open door here.
You reach down and open the door.
There is an open door here.
There is an open door here.
There is a staircase leading out of the dungeon here.
Unknown command.
You have escaped!

......# #..........# ###.#.#
..##### #.#####.##########......
..# ######.# #'#...............
..###...##.# #.#.########>#.#.#
..##.###.#.# #'#.# #.#.#.# .....#
#.#.# #.#.# #.#.#.# .....###...#
##'### #.#.#.#
#.###...#######...#########.#.#..
#.# ##.##.'.'.'.@.'.'.'..##.#....
#.###...#.#####...######....#####
#..........# ##'## ####.# #
#####...##.# #.# #.# # ##.###.###
#'# #.##### #.......###.#
###...[..
#####....##'########........
##.#.#...>........######.
#..#.##.########### #.


There were no monsters in sight!

Vanquished Creatures
  6 dread liches
  Tiamat (Zot:1)
  4 ancient liches
  6 orbs of fire
  2 juggernauts
  Boris (thrice) (Vaults:2 Depths:3)
  Josephina (Crypt:1)
  Vv (Depths:2)
  9 Killer Klowns
  Bai Suzhen (Snake:3)
  A caustic shrike (Depths:2)
  2 curse toes
  The ghost of NeonRainbow the Metallomancer, a veteran GrEE of Gozag (Depths:2)
  Vashnia (Snake:3)
  10 golden dragons
  A pandemonium lord (Zot:1)
  6 bone dragons
  4 electric golems
  The ghost of Dugafar the Warrior, an adept GrFi of Cheibriados (Crypt:3)
  Jorgrun (D:15)
  A Tzitzimitl (Zot:5)
  3 hellephants
  Rupert (Vaults:3)
  A walking divine tome (Depths:2)
  28 Orb Guardians
  A deep elf master archer (Elf:3)
  4 liches
  9 quicksilver dragons
  A titan (Depths:3)
  2 deep elf blademasters (Elf:3)
  11 tentacled monstrosities
  11 tentacled starspawn
  The ghost of Josuitwi the Warrior, an adept MfGl of Yredelemnul (Snake:2)
  4 sphinxes
  6 death cobs
  The ghost of Enkazo Toplu the Bludgeoner, an adept AtWr of Ashenzari (Swamp:2)
  10 ancient champions
  The ghost of Eboth the Blocker, an adept GnFi of Okawaru (Swamp:1)
  2 thorn hunters
  8 shadow dragons
  9 draconian monks
  11 storm dragons
  Kirke (Snake:3)
  2 tengu reavers
  A fenstrider witch (Swamp:1)
  7 revenants
  14 frost giants
  9 fire giants
  3 nagarajas
  8 draconian knights
  The ghost of mandoloar the Covert, an adept OpTm of Cheibriados (Orc:2)
  2 balrugs
  8 vault wardens
  Aizul (Snake:3)
  5 deep elf sorcerers
  2 iron dragons
  3 ghost moths (Zot:5)
  3 draconian scorchers
  2 curse skulls (Crypt:2)
  5 draconian shifters
  Louise (Snake:3)
  5 deep elf elementalists (Elf:3)
  3 ghouls
  6 draconian stormcallers
  8 very ugly things
  5 reapers
  2 cacodemons (Abyss:3)
  A draconian annihilator (Zot:1)
  13 ironbound preservers
  3 spriggan defenders
  The ghost of greynaab the Covert, a journeyman KoEn of Wu Jian (Lair:2)
  14 stone giants
  A caustic shrike skeleton (Crypt:2)
  9 ironbound thunderhulks
  A war gargoyle (Vaults:3)
  6 eleionomae
  10 green draconians
  A putrid mouth (Hell)
  4 deep elf demonologists (Elf:3)
  14 black draconians
  11 vampire knights
  Nessos (Lair:3)
  A minotaur (Orc:2)
  4 deep elf annihilators
  6 purple draconians
  10 white draconians
  Azrael (Snake:3)
  2 lorocyprocas
  15 dire elephants
  24 red draconians
  12 starcursed masses
  3 bunyips
  10 yellow draconians
  2 spark wasps (Depths:1)
  15 deep elf death magi
  A blizzard demon (Abyss:2)
  10 ettins
  6 fire dragons
  5 eidola
  10 yaktaur captains
  3 deep elf high priests (Elf:3)
  8 jiangshi
  5 great orbs of eyes
  2 spriggan zombies (Crypt:2)
  Fannar (Lair:1)
  17 hydras
  2 elf skeletons
  3 rakshasas
  9 ice dragons
  5 vault guards
  2 entropy weavers (Vaults:1)
  8 ogre magi
  Erica (Lair:1)
  3 ghost crabs
  9 anacondas
  5 salamander tyrants
  6 centaur warriors
  2 catoblepae
  37 two-headed ogres
  2 death knights
  2 spriggan air magi (Depths:2)
  15 naga warriors
  2 juggernaut simulacra (Depths:2)
  3 tengu warriors
  10 alligators
  A fenstrider witch skeleton (Hell)
  8 ironbound frosthearts
  17 dancing weapons
  9 boulder beetles
  7 deep troll shamans
  8 vampire magi
  A spriggan berserker (Swamp:1)
  2 deep troll earth magi
  3 orc high priests
  6 thrashing horrors
  18 naga sharpshooters
  6 shock serpents
  5 hell hogs
  A titan skeleton (Crypt:3)
  A titan zombie (D:15)
  9 deep elf knights
  37 skeletal warriors
  5 soul eaters
  4 sun demons (D:2)
  Nergalle (D:12)
  10 wretched stars
  2 skysharks
  A storm dragon zombie (D:15)
  12 iron trolls
  6 sixfirhies
  Amaemon (Lair:1)
  6 goliath frogs
  A death drake (Swamp:2)
  3 spriggan druids
  2 salamander mystics
  4 glowing orange brains
  3 shadow wraiths
  A cherub (Zot:3)
  An anaconda zombie (Hell)
  A shadow demon (Zot:1)
  A spatial maelstrom (Abyss:2)
  9 flayed ghosts
  6 naga ritualists
  9 swamp dragons
  3 orange crystal statues
  13 lindwurms
  16 bog bodies
  60 deep trolls
  4 sea snakes (Snake:3)
  6 wizards
  9 deep elf archers
  25 deep elf pyromancers
  23 deep elf zephyrmancers
  A fenstrider witch simulacrum (Crypt:1)
  10 ironbound convokers
  5 phantasmal warriors
  An anaconda skeleton (Crypt:2)
  9 harpies
  6 orc knights
  3 necromancers
  12 mana vipers
  26 moths of wrath
  A wolf spider (Lair:3)
  A fire giant zombie (Crypt:2)
  32 ugly things
  4 worldbinders
  A shadow dragon skeleton (D:15)
  A manticore (D:14)
  2 will-o-the-wisps
  18 salamanders
  6 cyclopes
  4 elephants (Zot:3)
  An iron dragon skeleton (Crypt:2)
  Maurice (D:12)
  10 guardian serpents
  16 vault sentinels
  5 orange demons
  2 naga zombies (Crypt:2)
  41 black mambas
  A dire elephant zombie (Crypt:2)
  11 naga magi
  18 cane toads
  4 smoke demons
  A demonic crawler (Depths:3)
  A titan simulacrum (Crypt:3)
  2 centaur skeletons
  2 dire elephant skeletons (Crypt:3)
  A spectral unseen horror (D:7)
  3 rime drakes
  9 komodo dragons
  2 hellions
  3 ice devils
  4 unseen horrors
  4 freezing wraiths
  A purple draconian zombie (Crypt:2)
  4 efreet
  2 unseen horror zombies (D:7)
  2 kobold demonologists
  A death yak skeleton (Crypt:1)
  A green draconian skeleton (Crypt:2)
  36 yaktaurs
  3 tormentors
  8 ancient zymes
  2 guardian mummies (Crypt:1)
  A grey draconian skeleton (Crypt:2)
  A queen bee (D:15)
  6 tengu conjurers
  A harpy zombie (Crypt:2)
  2 polar bears (Lair:5)
  2 unseen horror skeletons (D:7)
  18 trolls
  14 tyrant leeches
  6 meliai
  A bloated husk (Swamp:1)
  A polar bear (shapeshifter) (Abyss:2)
  12 hornets
  A troll (shapeshifter) (D:14)
  20 raiju
  5 harpy skeletons
  19 blink frogs
  A guardian serpent zombie (Crypt:3)
  A meliai zombie (Crypt:1)
  5 flying skulls
  22 slime creatures
  An ettin zombie (Crypt:1)
  4 centaur simulacra
  An ettin skeleton (Crypt:2)
  A culicivora (Vaults:1)
  A fire dragon skeleton (Crypt:3)
  9 wraiths
  5 air elementals
  15 spriggans
  4 vampires (Crypt:3)
  A dire elephant simulacrum (Crypt:1)
  The ghost of holysushi the Grave Robber, an amateur SpNe of Sif Muna (D:7)
  An alligator skeleton (Crypt:2)
  3 shadows
  54 yaks
  5 ynoxinuls
  10 water elementals
  6 basilisks
  4 humans (Zot:3)
  A human (shapeshifter) (Elf:3)
  3 fire bats (Depths:4)
  2 hogs (Snake:3)
  A wyvern (D:8)
  8 golden eyes
  23 fire elementals
  4 chaos spawn (Abyss:2)
  4 neqoxecs
  2 steam dragons
  3 redbacks (Vaults:1)
  An alligator snapping turtle simulacrum (Crypt:1)
  2 spatial vortices (Abyss:2)
  23 vampire mosquitoes
  27 nagas
  A glowing shapeshifter zombie (D:15)
  A harpy simulacrum (Crypt:1)
  3 wargs
  13 swamp worms
  A hydra simulacrum (Crypt:3)
  A glowing shapeshifter skeleton (Crypt:1)
  Duvessa (D:4)
  18 water moccasins
  3 acid dragons
  2 floating eyes
  23 large abominations
  8 hell hounds
  9 swamp drakes (Swamp:4)
  27 orc warriors
  A black bear (D:5)
  A sky beast (D:6)
  An ice beast (Abyss:3)
  A swamp dragon zombie (Crypt:2)
  38 ogres
  14 wolves
  A snapping turtle skeleton (Crypt:2)
  5 centaurs
  A phantom (D:5)
  20 small abominations
  3 earth elementals
  20 bullfrogs
  3 necrophages (Crypt:3)
  3 gnoll sergeants
  2 scorpions (D:11)
  4 wights
  Dowan (D:4)
  A raiju skeleton (Crypt:2)
  A warg skeleton (Crypt:3)
  11 killer bees (D:15)
  6 howler monkeys
  3 electric eels
  A nameless horror (D:11)
  5 quasits
  2 jellies (Lair:5)
  A gnoll bouda (D:8)
  3 human zombies (Crypt:1)
  2 basilisk zombies
  3 hounds
  An iron imp (Abyss:2)
  18 orc priests
  4 sleepcaps
  2 human skeletons (Crypt:1)
  A black bear skeleton (Crypt:3)
  15 orc wizards
  2 iguanas (D:5)
  5 hell rats
  An acid dragon zombie (Crypt:1)
  An ice beast zombie (Crypt:3)
  3 mummies (Crypt:1)
  17 gnolls
  A howler monkey skeleton (Crypt:3)
  8 adders
  A shadow imp (D:6)
  6 white imps
  3 ufetubi
  A lava snake zombie (Crypt:1)
  5 worms
  5 dart slugs
  42 orcs
  8 ball pythons
  8 endoplasms
  7 giant cockroaches
  5 goblins
  7 hobgoblins
  2 jackals (D:2)
  3 quokkas
  4 bats
  4 frilled lizards
  A frilled lizard zombie (Crypt:1)
  A goblin skeleton (Crypt:1)
  3 kobolds (D:2)
  An orc skeleton (Crypt:3)
  4 rats
  A rat skeleton (Crypt:3)
  A briar patch (Swamp:3)
  A fungus (Swamp:4)
  2 lurking horrors
  A spectral weapon (Vaults:3)
  13 starspawn tentacles
2273 creatures vanquished.

Vanquished Creatures (collateral kills)
  An orb of fire (Zot:5)
  the Lernaean hydra (Swamp:4)
  A golden dragon (Zot:1)
  Jory (Vaults:4)
  Frances (Swamp:1)
  Agnes (Vaults:3)
  Donald (Snake:2)
  A nagaraja (Snake:4)
  A draconian knight (Zot:1)
  An orc warlord (Vaults:1)
  An ironbound preserver (Vaults:1)
  2 spriggan defenders (Vaults:3)
  7 very ugly things
  2 hydras
  A salamander tyrant (Snake:4)
  A vault guard (Vaults:3)
  2 ironbound frosthearts
  A catoblepas (Lair:1)
  Urug (Lair:5)
  A salamander mystic (Snake:4)
  3 deep trolls
  An ironbound convoker (Vaults:1)
  3 orc knights
  A moth of wrath (Zot:5)
  An ugly thing (Vaults:1)
  2 salamanders
  A cane toad (Lair:5)
  A komodo dragon (Lair:1)
  A yaktaur (Vaults:1)
  A troll (Orc:2)
  5 blink frogs
  2 basilisks
  4 yaks
  A steam dragon (D:9)
  3 starcursed masses (Abyss:3)
  A warg (Orc:1)
  A water moccasin (Lair:5)
  2 orc warriors
  A black bear (D:7)
  5 ogres (Orc:2)
  A bullfrog (Lair:4)
  A scorpion (D:6)
  A hound (D:5)
  An orc priest (D:9)
  4 gnolls
  A white imp (D:7)
  7 orcs
  An endoplasm (Lair:5)
  A starspawn tentacle (Abyss:3)
87 creatures vanquished.

Vanquished Creatures (others)
  A fire giant (Depths:1)
  A draconian knight (Zot:2)
  A purple draconian (Zot:3)
  A spriggan air mage (Depths:4)
  An ironbound frostheart (Vaults:3)
  An ironbound convoker (Vaults:3)
  A deep elf zephyrmancer (Elf:1)
  A moth of wrath (Zot:1)
  A naga mage (Snake:4)
  A bloated husk (Swamp:1)
  A hornet (D:14)
  3 fire elementals (Zot:4)
  3 humans (Snake:3)
  A neqoxec (Abyss:2)
  An orc wizard (D:5)
  A bush (Lair:1)
  37 fungi
  149 plants
  20 starspawn tentacles
  12 withered plants
238 creatures vanquished.

Grand Total: 2598 creatures vanquished

Notes
Turn   | Place    | Note
-------+----------+-------------------------------------------
     0 | D:1      | freelancePsychic the Gargoyle Warper began the quest for
                  | the Orb.
     0 | D:1      | Reached XP level 1. HP: 12/12 MP: 3/3
   128 | D:1      | Reached skill level 1 in Stealth
   247 | D:1      | Reached XP level 2. HP: 17/17 MP: 5/5
   856 | D:2      | Reached skill level 1 in Summonings
   856 | D:2      | Reached XP level 3. HP: 16/21 MP: 6/6
  1263 | D:2      | Reached XP level 4. HP: 23/26 MP: 7/7
  1271 | D:2      | Learned a level 3 spell: Call Canine Familiar
  1350 | D:2      | Found Apnooff's General Store.
  2466 | D:3      | Found Quameong's Antique Weapon Shop.
  2545 | D:4      | Noticed a bullfrog
  2562 | D:3      | Killed a bullfrog
  2563 | D:3      | Reached XP level 5. HP: 25/30 MP: 8/8
  2877 | D:4      | Noticed Dowan
  2886 | D:4      | Noticed Duvessa
  3228 | D:4      | Found an iron altar of Okawaru.
  3229 | D:4      | Found a bloodstained altar of Trog.
  3420 | D:4      | Noticed an ogre
  3464 | D:5      | Entered Level 5 of the Dungeon
  3464 | D:5      | Noticed a phantom
  3518 | D:5      | Identified a scroll of acquirement
  3518 | D:5      | Acquired a +0 demon trident of pain
  3519 | D:5      | Found a hazy altar of Hepliaklqana.
  3545 | D:5      | Reached XP level 6. HP: 30/35 MP: 6/9
  3584 | D:5      | Noticed a black bear
  3594 | D:5      | Killed a black bear
  3703 | D:5      | Reached skill level 1 in Polearms
  3860 | D:5      | Reached XP level 7. HP: 37/41 MP: 5/10
  4159 | D:5      | Reached skill level 5 in Summonings
  4456 | D:6      | Noticed a kobold demonologist
  4457 | D:6      | Noticed an orange demon
  4460 | D:6      | Noticed a neqoxec
  4532 | D:6      | Found a staircase to the Ecumenical Temple.
  4539 | Temple   | Entered the Ecumenical Temple
  4635 | Temple   | Became a worshipper of the Shining One
  4657 | D:6      | Noticed a ynoxinul
  4663 | D:6      | Noticed a red devil
  4665 | D:6      | Noticed a soul eater
  4785 | D:6      | Noticed a rust devil
  4909 | D:6      | Noticed a smoke demon
  4910 | D:6      | Noticed a sun demon
  4949 | D:7      | Reached XP level 8. HP: 38/48 MP: 11/11
  5228 | D:7      | Found Zaoshosch's CLEARANCE SALE!.
  5234 | D:7      | Bought a potion of cancellation for 16 gold pieces
  5343 | D:7      | Found a runed translucent gate.
  5343 | D:7      | Found a runed translucent gate.
  5343 | D:7      | Found a runed translucent gate.
  5344 | D:7      | Noticed a spectral unseen horror
  5348 | D:7      | Noticed holysushi's ghost (amateur SpNe)
  5348 | D:7      | Reached * piety under the Shining One
  5349 | D:7      | Identified the +9 lajatang of the King {elec, rN+ Dex+4}
  5673 | D:7      | Found a shimmering blue altar of Sif Muna.
  5873 | D:6      | Found a blossoming altar of Fedhas.
  6061 | D:6      | Killed a kobold demonologist
  6062 | D:6      | Reached skill level 5 in Fighting
  6220 | D:6      | Found a shadowy altar of Dithmenos.
  6393 | D:6      | Found Bowinefi's Neck Hole.
  6398 | D:6      | Bought a +0 cloak for 58 gold pieces
  6451 | D:6      | Found a stormy altar of Qazlal.
  6904 | D:4      | Killed Duvessa
  6914 | D:4      | Killed Dowan
  6915 | D:4      | Reached XP level 9. HP: 12/54 MP: 4/12
  7152 | D:8      | Found Uwiemoz's General Store.
  7750 | D:7      | Reached skill level 5 in Polearms
  7750 | D:7      | Reached skill level 1 in Invocations
  7759 | D:7      | Killed holysushi's ghost
  7760 | D:7      | Reached skill level 2 in Invocations
  7761 | D:7      | Reached XP level 10. HP: 41/63 MP: 13/13
  7765 | D:7      | Killed a spectral unseen horror
  7766 | D:7      | Reached skill level 3 in Invocations
  8010 | D:8      | Noticed a two-headed ogre
  8014 | D:8      | HP: 2/64 [two-headed ogre/+0 giant club (20)]
  8348 | D:8      | Reached skill level 4 in Invocations
  8723 | D:8      | Killed a two-headed ogre
  8724 | D:8      | Reached skill level 5 in Invocations
  9069 | D:9      | Reached ** piety under the Shining One
  9249 | D:9      | Found a snail-covered altar of Cheibriados.
  9323 | D:9      | Reached XP level 11. HP: 61/71 MP: 14/14
  9359 | D:9      | Found a runed translucent gate.
  9359 | D:9      | Found a runed translucent gate.
  9360 | D:9      | Found a runed translucent gate.
  9360 | D:9      | Noticed a seven-headed hydra
  9360 | D:9      | Noticed Buxus's ghost (journeyman DEAE)
  9362 | D:9      | Noticed a wolf spider
  9577 | D:9      | Found a staircase to the Orcish Mines.
 10072 | D:10     | Entered Level 10 of the Dungeon
 10101 | D:10     | Found Isehas's Book Boutique.
 10646 | D:10     | Found an opulent altar of Gozag.
 10714 | D:11     | Noticed a boulder beetle
 10726 | D:11     | Reached skill level 10 in Fighting
 10731 | D:11     | Killed a boulder beetle
 10732 | D:11     | Reached skill level 5 in Armour
 10819 | D:11     | Learned a level 4 spell: Summon Ice Beast
 11006 | D:11     | Identified the +5 rapier "Boogair" {heavy, +Blink Will-
                  | Int+5}
 11046 | D:11     | Noticed a boulder beetle
 11046 | D:11     | Reached *** piety under the Shining One
 11057 | D:11     | Noticed a two-headed ogre
 11077 | D:11     | Killed a boulder beetle
 11078 | D:11     | Reached skill level 1 in Ice Magic
 11292 | D:11     | Noticed a two-headed ogre
 11299 | D:11     | Killed a two-headed ogre
 11368 | D:11     | Noticed a cyclops
 11385 | D:11     | Killed a cyclops
 11521 | D:11     | Found a staircase to the Lair.
 11664 | D:11     | Killed a two-headed ogre
 11832 | D:11     | Found a portal to a secret trove of treasure.
 12178 | Lair:1   | Entered Level 1 of the Lair of Beasts
 12351 | Lair:1   | Noticed Erica
 12421 | Lair:1   | Killed Erica
 12422 | Lair:1   | Reached XP level 12. HP: 56/79 MP: 8/15
 12424 | Lair:1   | Reached skill level 5 in Ice Magic
 12424 | Lair:1   | Noticed a catoblepas
 12489 | Lair:1   | Noticed a dire elephant
 12598 | Orc:1    | Entered Level 1 of the Orcish Mines
 12640 | Orc:1    | Reached **** piety under the Shining One
 13685 | Orc:2    | Entered Level 2 of the Orcish Mines
 13793 | Orc:2    | Found a runed translucent gate.
 13798 | Orc:2    | Found a runed translucent gate.
 13798 | Orc:2    | Noticed mandoloar's ghost (adept OpTm)
 13799 | Orc:2    | Found a runed translucent gate.
 13799 | Orc:2    | Noticed a minotaur
 13808 | Orc:2    | Noticed an ogre mage
 13808 | Orc:2    | Noticed a two-headed ogre
 13811 | Orc:2    | Noticed a two-headed ogre
 13812 | Orc:2    | Noticed a two-headed ogre
 14111 | Lair:1   | Reached ***** piety under the Shining One
 14113 | Lair:1   | The Shining One protects you from harm!
 14115 | Lair:1   | Killed a dire elephant
 14325 | D:11     | Reached skill level 6 in Invocations
 14542 | Lair:1   | Killed a catoblepas
 14558 | Lair:1   | Reached XP level 13. HP: 40/86 MP: 7/19
 14561 | Lair:1   | Reached skill level 10 in Polearms
 14821 | Lair:1   | Noticed Fannar
 14918 | Lair:1   | Reached skill level 7 in Invocations
 15014 | Lair:1   | Noticed Amaemon
 15028 | Lair:1   | Killed Amaemon
 15034 | Lair:1   | Killed Fannar
 15034 | Lair:1   | HP: 2/87 [cloud of flame (3)]
 16412 | Lair:2   | Found a runed translucent door.
 16415 | Lair:2   | Noticed greynaab's ghost (journeyman KoEn)
 16419 | Lair:2   | Reached skill level 8 in Invocations
 16812 | Lair:2   | Identified the +0 hat "Cumnoulu" {rF+ Str-3 Slay+2}
 16898 | Lair:2   | Found a staircase to the Snake Pit.
 17059 | Lair:2   | Killed greynaab's ghost
 17193 | Lair:3   | Noticed Nessos
 17212 | Lair:3   | Killed Nessos
 17672 | Lair:3   | Reached skill level 9 in Invocations
 18010 | Lair:3   | Found a staircase to the Swamp.
 18688 | Lair:4   | Gained mutation: Your large and strong wings let you fly.
                  | [Gargoyle growth]
 18688 | Lair:4   | Reached XP level 14. HP: 95/95 MP: 21/21
 19494 | Lair:5   | Entered Level 5 of the Lair of Beasts
 19924 | Lair:5   | Found a viscous altar of Jiyva.
 19927 | Lair:5   | Found a staircase to the Slime Pits.
 20967 | Lair:5   | Noticed Urug
 20979 | Lair:5   | Killed Urug
 21358 | Lair:5   | Reached skill level 5 in Dodging
 21695 | Lair:5   | Reached skill level 15 in Fighting
 22434 | Orc:2    | Found Ejunaesh's Antique Weapon Emporium.
 22434 | Orc:2    | Found Tig Lad's Jewellery Shop.
 22434 | Orc:2    | Reached ****** piety under the Shining One
 22436 | Orc:2    | Identified a +5 trishula of holy wrath (a +3 demon trident
                  | of flaming blessed by the Shining One)
 22436 | Orc:2    | Received a gift from the Shining One
 22444 | Orc:2    | Paralysed by an ogre mage for 2 turns
 22649 | Orc:2    | Reached XP level 15. HP: 90/103 MP: 22/22
 22659 | Orc:2    | Reached skill level 1 in Shields
 22671 | Orc:2    | HP: 5/103 [orc priest/divine providence (17)]
 22695 | Orc:2    | Found a bloodstained altar of Trog.
 23223 | Orc:2    | Found a staircase to the Elven Halls.
 23266 | Orc:2    | Found Sodoorat's Antique Armour Emporium.
 23266 | Orc:2    | Found Tyeskagg's Antique Armour Boutique.
 23275 | Orc:2    | Bought a pair of smoking gloves for 285 gold pieces
 23275 | Orc:2    | Identified the +1 pair of gloves "Buclol" {rN+ Dex+2 Slay+5
                  | Stlth+} (You bought it in a shop on level 2 of the Orcish
                  | Mines)
 23283 | Orc:2    | Bought an encrusted plate armour for 840 gold pieces
 23283 | Orc:2    | Identified the +1 plate armour "Wiffifuv" {*Corrode rPois
                  | SInv Stlth+} (You bought it in a shop on level 2 of the
                  | Orcish Mines)
 23285 | Orc:2    | Bought an ancient buckler for 285 gold pieces
 23285 | Orc:2    | Identified the +2 buckler of Zosiocyts {Str+4} (You bought
                  | it in a shop on level 2 of the Orcish Mines)
 23576 | Orc:2    | Killed mandoloar's ghost
 23593 | Orc:2    | Reached skill level 5 in Shields
 24086 | D:12     | Noticed Nergalle
 24096 | D:12     | Killed Nergalle
 24221 | D:12     | Noticed Maurice
 24235 | D:12     | Killed Maurice
 25175 | D:13     | Reached skill level 10 in Invocations
 25760 | D:11     | You paid a toll of 2 scrolls of acquirement to enter a
                  | treasure trove
 25761 | Trove    | Entered a treasure trove
 25788 | Trove    | Identified the ring of the Hungering Gods {rN++ Will+
                  | Dex+2}
 26393 | D:14     | Found a glowing golden altar of the Shining One.
 26556 | D:14     | Reached XP level 16. HP: 110/110 MP: 23/23
 26817 | D:14     | Found a shimmering altar of Xom.
 26817 | D:14     | Found a shimmering altar of Xom.
 26820 | D:14     | Found a shimmering altar of Xom.
 26820 | D:14     | Found a shimmering altar of Xom.
 26820 | D:14     | Found a shimmering altar of Xom.
 26821 | D:14     | Found a shimmering altar of Xom.
 26824 | D:14     | Found a shimmering altar of Xom.
 26908 | D:14     | Identified the +1 leather armour of the Wary Friends
                  | {rPois}
 27139 | D:14     | Found a gate to the Vaults.
 27646 | D:14     | Reached skill level 11 in Invocations
 27781 | D:15     | Entered Level 15 of the Dungeon
 27781 | D:15     | Noticed Jorgrun
 27914 | D:15     | Found a stormy altar of Qazlal.
 28269 | Snake:1  | Entered Level 1 of the Snake Pit
 29141 | Snake:2  | Noticed Josuitwi's ghost (adept MfGl)
 29148 | Snake:2  | Found a runed translucent gate.
 29148 | Snake:2  | Found a runed translucent gate.
 29148 | Snake:2  | Found a runed translucent gate.
 29206 | Snake:2  | Found a radiant altar of Vehumet.
 29269 | Snake:2  | Identified the +5 kite shield of Lull {Fly rC- Will+++
                  | Str+3}
 29269 | Snake:2  | Noticed Donald
 29281 | Snake:2  | Killed Donald
 29282 | Snake:2  | Reached skill level 1 in Evocations
 29765 | Snake:2  | Noticed a nagaraja
 29773 | Snake:2  | Killed a nagaraja
 29856 | Snake:2  | Reached skill level 12 in Invocations
 30573 | Snake:3  | Noticed Azrael
 30588 | Snake:3  | Killed Azrael
 30632 | Snake:3  | Noticed Aizul
 30658 | Snake:3  | Killed Aizul
 30828 | Snake:3  | Noticed Bai Suzhen
 30875 | Snake:3  | Killed Bai Suzhen
 30876 | Snake:3  | Reached XP level 17. HP: 27/118 MP: 16/26
 31177 | Snake:2  | Killed Josuitwi's ghost
 31369 | Snake:3  | Noticed Louise
 31424 | Swamp:1  | Entered Level 1 of the Swamp
 31429 | Swamp:1  | Noticed Eboth's ghost (adept GnFi)
 31516 | Swamp:1  | Found a bloodstained altar of Trog.
 31537 | Swamp:1  | Found a transporter.
 31565 | Swamp:1  | Found a transporter.
 31670 | Swamp:1  | Reached skill level 10 in Shields
 31983 | Swamp:1  | Noticed a tentacled monstrosity
 31991 | Swamp:1  | Killed a tentacled monstrosity
 32022 | Swamp:1  | Noticed Frances
 32030 | Swamp:1  | Killed Frances
 32252 | Swamp:1  | Reached skill level 13 in Invocations
 32366 | Swamp:1  | Identified the +0 pair of boots of the Blacksmith {rElec
                  | rC+}
 32790 | D:15     | Killed Jorgrun
 33014 | D:15     | Found a staircase to the Depths.
 33892 | Swamp:2  | Reached XP level 18. HP: 99/126 MP: 28/28
 34181 | Swamp:2  | Found a runed translucent door.
 34181 | Swamp:2  | Identified the +0 trident of Turmoil {heavy, *Rage rPois
                  | rC+ Int+6}
 34196 | Swamp:2  | Noticed Enkazo Toplu's ghost (adept AtWr)
 34213 | Swamp:2  | Reached skill level 14 in Invocations
 34266 | Swamp:2  | Killed Enkazo Toplu's ghost
 35118 | Swamp:1  | Killed Eboth's ghost
 35363 | Swamp:4  | Entered Level 4 of the Swamp
 35575 | Swamp:4  | Identified the +6 quarterstaff of Linearity {speed, Stlth+}
 35601 | Swamp:4  | Noticed the 27-headed Lernaean hydra
 35605 | Swamp:4  | Killed the 27-headed Lernaean hydra
 35615 | Swamp:4  | Got a decaying rune of Zot
 36310 | Snake:3  | Noticed Kirke
 36322 | Snake:3  | Reached skill level 15 in Shields
 36327 | Snake:3  | Reached skill level 15 in Invocations
 36347 | Snake:3  | Killed Louise
 36353 | Snake:3  | Killed Kirke
 36359 | Snake:3  | Noticed Vashnia
 36417 | Snake:3  | Killed Vashnia
 36477 | Snake:3  | Identified the +7 quarterstaff "Mietaf" {holy, +Blink rPois
                  | rC++ Dex-4}
 36670 | Snake:3  | Reached XP level 19. HP: 133/133 MP: 30/30
 37187 | Snake:4  | Entered Level 4 of the Snake Pit
 37265 | Snake:4  | Found a flickering gateway to a bazaar.
 37284 | Bazaar   | Entered a bazaar
 37314 | Bazaar   | Found Girehi's Antique Armour Boutique.
 37336 | Bazaar   | Found Mioro's Antique Weapon Emporium.
 37357 | Bazaar   | Found Nukuwi's Assorted Antiques.
 37377 | Bazaar   | Found Tikogena's General Store.
 37383 | Bazaar   | Bought a potion of haste for 200 gold pieces
 37383 | Bazaar   | Bought a scroll of blinking for 150 gold pieces
 37398 | Bazaar   | Bought a shiny helmet for 150 gold pieces
 37398 | Bazaar   | Bought a shiny helmet for 150 gold pieces
 39358 | Snake:4  | Reached skill level 16 in Invocations
 39421 | Snake:4  | Got a serpentine rune of Zot
 39705 | Vaults:1 | Entered Level 1 of the Vaults
 39833 | Vaults:1 | You are sucked into a shaft and drop 1 floor!
 40155 | Vaults:1 | Reached XP level 20. HP: 39/140 MP: 21/32
 41047 | Vaults:1 | Found Dilim's Magic Scroll Boutique.
 41055 | Vaults:1 | Bought a scroll of teleportation for 48 gold pieces
 41055 | Vaults:1 | Bought a scroll of immolation for 64 gold pieces
 41055 | Vaults:1 | Bought a scroll of magic mapping for 120 gold pieces
 41055 | Vaults:1 | Bought a scroll of immolation for 64 gold pieces
 41055 | Vaults:1 | Bought a scroll of fear for 64 gold pieces
 42036 | Vaults:2 | Reached skill level 17 in Invocations
 42250 | Vaults:2 | Noticed Boris
 42265 | Vaults:2 | Killed Boris
 43850 | Vaults:3 | Reached skill level 10 in Dodging
 43901 | Vaults:3 | Reached XP level 21. HP: 146/146 MP: 33/33
 43937 | Vaults:3 | Paralysed by a vampire knight for 3 turns
 44188 | Vaults:3 | Found a staircase to the Crypt.
 44987 | Vaults:3 | Noticed Agnes
 44987 | Vaults:3 | Noticed Rupert
 44995 | Vaults:3 | Killed Agnes
 45005 | Vaults:3 | Killed Rupert
 45179 | Vaults:3 | Reached skill level 18 in Invocations
 45815 | Vaults:4 | Noticed Jory
 45828 | Vaults:4 | Killed Jory
 46304 | Vaults:4 | Found Weukorha's Magic Scroll Shop.
 46315 | Vaults:4 | Bought a scroll of teleportation for 45 gold pieces
 46315 | Vaults:4 | Bought a scroll of teleportation for 45 gold pieces
 46315 | Vaults:4 | Bought a scroll of immolation for 60 gold pieces
 46955 | Crypt:1  | Entered Level 1 of the Crypt
 47205 | Crypt:1  | Found a basalt altar of Yredelemnul.
 47298 | Crypt:1  | Identified the ring of the Inviting Madman {Ice Int+4}
 47298 | Crypt:1  | Noticed Josephina
 47304 | Crypt:1  | Killed Josephina
 47693 | Crypt:1  | Learned a level 2 spell: Blink
 47697 | Crypt:1  | Learned a level 3 spell: Vhi's Electric Charge
 47783 | Crypt:2  | Reached skill level 1 in Air Magic
 47813 | Crypt:2  | Acquired an amulet of Legugoxooq {Spirit Drain Str+3 Dex+2
                  | Stlth+}
 47844 | Crypt:2  | Reached XP level 22. HP: 131/152 MP: 29/35
 48497 | Crypt:2  | Reached skill level 5 in Translocations
 48508 | Crypt:2  | Identified the +2 plate armour of the Untouchables {Harm
                  | Dex+2}
 48659 | Crypt:3  | Entered Level 3 of the Crypt
 48762 | Crypt:3  | Found a basalt altar of Yredelemnul.
 48778 | Crypt:3  | Found a runed translucent door.
 48788 | Crypt:3  | Noticed Dugafar's ghost (adept GrFi)
 48851 | Crypt:3  | Killed Dugafar's ghost
 48871 | Crypt:3  | Got the Incunable of Terrain
 48872 | Crypt:3  | Identified the +4 hat of the Hammering Gods {rPois Dex+3}
 48916 | Crypt:3  | Reached skill level 19 in Invocations
 48998 | Crypt:3  | Reached skill level 5 in Air Magic
 49145 | Crypt:3  | Found an ancient bone altar of Kikubaaqudgha.
 49146 | Crypt:3  | Found a basalt altar of Yredelemnul.
 49146 | Crypt:3  | Noticed a curse toe
 49152 | Crypt:3  | Killed a curse toe
 49184 | Crypt:3  | Identified the +7 arbalest of Rubbish {flame, rF+ rCorr
                  | Dex-5}
 49227 | Crypt:3  | Found the +8 Vampire's Tooth {megavamp}
 49227 | Crypt:3  | Found the brooch of Shielding {Spirit SH+8}
 49234 | Crypt:3  | Identified the ring "Viddemao" {Fire +Blink Int+3 Dex+3}
 49495 | Crypt:3  | Found a staircase to the Tomb.
 50067 | Elf:1    | Entered Level 1 of the Elven Halls
 50179 | Elf:1    | Paralysed by an air elemental for 1 turns
 50184 | Elf:1    | Paralysed by an air elemental for 1 turns
 50950 | Elf:1    | Reached XP level 23. HP: 148/148 MP: 36/36
 51853 | Elf:2    | Found a huge runed translucent gate.
 51853 | Elf:2    | Found a huge runed translucent gate.
 51854 | Elf:2    | Found a huge runed translucent gate.
 51868 | Elf:2    | Found a huge runed translucent gate.
 51868 | Elf:2    | Found a huge runed translucent gate.
 51900 | Elf:3    | Entered Level 3 of the Elven Halls
 52404 | Elf:3    | Found Gierr's Armour Emporium.
 52542 | Elf:3    | The Shining One protects you from harm!
 52568 | Elf:3    | Reached skill level 20 in Invocations
 52629 | Elf:3    | Identified the ring "Dexaqicw" {Fire rN+ Str+3 Int+3}
 52742 | Elf:3    | Identified the +8 dagger "Maeh" {flame, rC+ rN+ Will-
                  | Str+2}
 52814 | Elf:3    | Found the +0 mask of the Dragon {Will+ Slay+3 SInv}
 52816 | Elf:3    | Identified the +9 war axe of Objectivity {venom, Will+
                  | Str+3}
 52817 | Elf:3    | Identified the +7 plate armour of Moijuima {rC+ rCorr SInv}
 53189 | Depths:1 | Entered Level 1 of the Depths
 53408 | Depths:1 | Found a transporter.
 53415 | Depths:1 | Found an opulent altar of Gozag.
 53580 | Depths:1 | Found a gateway to Hell.
 53838 | Depths:1 | Found a transporter.
 54314 | Depths:2 | Reached skill level 10 in Armour
 54376 | Depths:2 | Noticed Vv
 54398 | Depths:2 | Killed Vv
 54511 | Depths:2 | Found a runed translucent door.
 54512 | Depths:2 | Noticed a juggernaut
 54521 | Depths:2 | Found a runed translucent door.
 54608 | Depths:2 | Noticed NeonRainbow's ghost (veteran GrEE)
 54618 | Depths:2 | Noticed an ancient lich
 54625 | Depths:2 | Noticed a caustic shrike
 54691 | Depths:2 | Killed an ancient lich
 54692 | Depths:2 | Reached XP level 24. HP: 162/163 MP: 35/37
 54715 | Depths:2 | Killed a juggernaut
 54731 | Depths:2 | Killed NeonRainbow's ghost
 54775 | Depths:2 | Killed a caustic shrike
 54891 | Depths:2 | Reached skill level 21 in Invocations
 55172 | Depths:2 | Found a one-way gate leading to the halls of Pandemonium.
 55981 | Depths:3 | Paralysed by a floating eye for 4 turns
 56302 | Depths:3 | Paralysed by a floating eye for 2 turns
 56538 | Depths:3 | Paralysed by a floating eye for 2 turns
 56711 | Depths:3 | Found a corrupted altar of Lugonu.
 56713 | Depths:3 | Found a one-way gate to the infinite horrors of the Abyss.
 56942 | Depths:3 | Found a sparkling altar of Nemelex Xobeh.
 56942 | Depths:3 | Noticed Boris
 56952 | Depths:3 | Killed Boris
 57398 | Depths:4 | Entered Level 4 of the Depths
 57398 | Depths:4 | Noticed a juggernaut
 57399 | Depths:4 | Upgraded the game from 0.30-a0-1161-g0704695555 to
                  | 0.30-a0-1163-gf69bf04e7a
 57410 | Depths:4 | Killed a juggernaut
 57796 | Depths:4 | Reached skill level 22 in Invocations
 58073 | Depths:4 | Found a sacrificial altar of Ru.
 58091 | Depths:4 | Found a one-way gateway to a ziggurat.
 58154 | Depths:4 | Identified the +0 helmet "Akeecy" {-Tele Harm Slay+5 SInv}
 58170 | Depths:4 | Identified the +3 whip "Orb Guardian's Foe" {antimagic,
                  | +Blink rPois rF- Str+4}
 58667 | Depths:4 | Noticed Boris
 58772 | Depths:3 | Killed Boris
 58906 | Depths:4 | Reached XP level 25. HP: 169/169 MP: 38/38
 59140 | Depths:4 | Found a gate to the Realm of Zot.
 60013 | Depths:4 | Voluntarily entered the Abyss.
 60024 | Abyss:2  | Found a corrupted altar of Lugonu.
 60135 | Abyss:2  | Gained mutation: You occasionally lose the ability to drink
                  | potions when taking damage. [a neqoxec]
 60408 | Abyss:2  | Reached skill level 23 in Invocations
 60673 | Depths:4 | Escaped the Abyss
 60675 | Depths:4 | Voluntarily entered the Abyss.
 60682 | Depths:4 | Escaped the Abyss
 60684 | Depths:4 | Voluntarily entered the Abyss.
 60707 | Depths:4 | Escaped the Abyss
 60709 | Depths:4 | Voluntarily entered the Abyss.
 60901 | Depths:4 | Escaped the Abyss
 60903 | Depths:4 | Voluntarily entered the Abyss.
 61063 | Abyss:2  | Found a corrupted altar of Lugonu.
 61130 | Abyss:2  | Found a corrupted altar of Lugonu.
 61569 | Abyss:3  | Reached skill level 15 in Armour
 61586 | Depths:4 | Escaped the Abyss
 61588 | Depths:4 | Voluntarily entered the Abyss.
 62155 | Depths:4 | Escaped the Abyss
 62157 | Depths:4 | Voluntarily entered the Abyss.
 62430 | Abyss:3  | Found a corrupted altar of Lugonu.
 62658 | Abyss:3  | Reached skill level 24 in Invocations
 62663 | Depths:4 | Escaped the Abyss
 62665 | Depths:4 | Voluntarily entered the Abyss.
 62889 | Abyss:3  | Gained mutation: You are frail. (-10% HP) [a neqoxec]
 62911 | Abyss:3  | Paralysed by accursed screaming for 1 turns
 62913 | Abyss:3  | Reached XP level 26. HP: 131/159 MP: 12/39
 62925 | Abyss:3  | Got an abyssal rune of Zot
 62931 | Depths:4 | Escaped the Abyss
 62932 | Depths:4 | Lost mutation: You occasionally lose the ability to drink
                  | potions when taking damage. [potion of mutation]
 62932 | Depths:4 | Lost mutation: You are frail. (-10% HP) [potion of
                  | mutation]
 62932 | Depths:4 | Gained mutation: Your flesh is heat resistant. (rF+)
                  | [potion of mutation]
 62932 | Depths:4 | Gained mutation: You are partially covered in large bone
                  | plates. (SH +4) [potion of mutation]
 62932 | Depths:4 | Gained mutation: You are weak. (Str -2) [potion of
                  | mutation]
 62932 | Depths:4 | Gained mutation: Your movements are slightly less
                  | encumbered by armour. (ER -2) [potion of mutation]
 63040 | Zot:1    | Entered Level 1 of the Realm of Zot
 63646 | Zot:1    | Reached skill level 25 in Invocations
 64443 | Zot:2    | Noticed an orb of fire
 64464 | Zot:2    | Killed an orb of fire
 64798 | Zot:2    | Noticed a Killer Klown
 64866 | Zot:2    | Killed a Killer Klown
 64876 | Zot:2    | Noticed a Killer Klown
 64892 | Zot:2    | Killed a Killer Klown
 64893 | Zot:2    | Reached skill level 26 in Invocations
 66196 | Zot:1    | Found the +4 dragonskin cloak
 66196 | Zot:1    | Noticed Tiamat
 66618 | Zot:1    | Killed Tiamat
 66651 | Zot:1    | Reached skill level 27 in Invocations
 67055 | Hell     | Entered the Vestibule of Hell
 67055 | Hell     | Noticed Geryon
 68112 | Zot:3    | Noticed a dread lich
 68118 | Zot:3    | Killed a dread lich
 68119 | Zot:3    | Reached XP level 27. HP: 174/183 MP: 35/40
 68318 | Zot:3    | Identified the staff of poison "Aklampoo" {rPois rF+}
 69637 | Zot:4    | Noticed an orb of fire
 69673 | Zot:4    | Killed an orb of fire
 70427 | Zot:5    | Entered Level 5 of the Realm of Zot
 70907 | Zot:5    | Noticed a dread lich
 70908 | Zot:5    | Noticed an ancient lich
 70919 | Zot:5    | Killed a dread lich
 70925 | Zot:5    | Killed an ancient lich
 70936 | Zot:5    | Noticed an orb of fire
 70939 | Zot:5    | Noticed an ancient lich
 70954 | Zot:5    | Killed an ancient lich
 70960 | Zot:5    | Killed an orb of fire
 70987 | Zot:5    | Noticed a dread lich
 70988 | Zot:5    | Noticed an ancient lich
 70989 | Zot:5    | Noticed an orb of fire
 70990 | Zot:5    | Gained mutation: Your natural rate of healing is unusually
                  | fast. [an orb of fire]
 70993 | Zot:5    | Killed a dread lich
 70994 | Zot:5    | Gained mutation: You occasionally shout uncontrollably at
                  | your foes. [an orb of fire]
 70998 | Zot:5    | Killed an ancient lich
 70998 | Zot:5    | Lost mutation: Your natural rate of healing is unusually
                  | fast. [an orb of fire]
 71010 | Zot:5    | Killed an orb of fire
 71545 | Zot:5    | Noticed an orb of fire
 71549 | Zot:5    | Noticed a dread lich
 71568 | Zot:5    | Noticed an orb of fire
 71568 | Zot:5    | Killed an orb of fire
 71575 | Zot:5    | Killed a dread lich
 71575 | Zot:5    | Gained mutation: You are clumsy. (Dex -2) [an orb of fire]
 71590 | Zot:5    | Killed an orb of fire
 71595 | Zot:5    | Noticed an orb of fire
 71595 | Zot:5    | Noticed a dread lich
 71617 | Zot:5    | Killed an orb of fire
 71625 | Zot:5    | Killed a dread lich
 71628 | Zot:5    | Noticed a dread lich
 71639 | Zot:5    | Killed a dread lich
 71909 | Zot:5    | Got the Orb of Zot
 72138 | Zot:2    | Noticed Laupn the pandemonium lord
 72188 | Zot:1    | Noticed Kaol the pandemonium lord
 72197 | Zot:1    | Killed Kaol the pandemonium lord
 72440 | D:10     | Noticed Xoiskeq the pandemonium lord
 72588 | D:3      | Noticed Hihuw the pandemonium lord
 72639 | D:$      | Escaped with the Orb!

Illustrated notes

Levels and vault maps discovered:
D:1:      minmay_arrival_doors, layout_loops_ring
D:2:      layout_loops_ring, serial_shops, nicolae_shop_hallway_stairs,
          kennysheep_generic_room_11
D:3:      layout_basic, serial_shops, nicolae_shop_tiny_real_fake_doors,
          nicolae_concentric_dashed_squares_mild
D:4:      layout_basic, grunt_temple_overflow_bloody_war, st_stairs_1,
          small_statue_intersection, uniq_duvessa
D:5:      layout_basic, mainiacjoe_overflow_cross_hatched,
          cheibrodos_sewer_entry_bend
D:6:      layout_basic, mainiacjoe_overflow_alcove_1,
          mainiacjoe_overflow_small_starburst,
          mainiacjoe_overflow_surrounded_room, minmay_temple_entry_mist,
          nicolae_hexahallways, serial_bayou_pond_b, hangedman_decor_growths,
          wad_floor_pattern_untrapped, nicolae_shop_sticking_my_neck_out
D:7:      layout_loops_ring, led_sif_pool, gammafunk_ghost_necromancy,
          nicolae_shop_clearance
D:8:      layout_basic, serial_shops, nicolae_square_shop
D:9:      layout_loops_cross, mainiacjoe_overflow_catwalk, david_orc_4,
          gammafunk_ghost_split, hangedman_decor_diamond_cutter
D:10:     layout_rooms, mainiacjoe_overflow_alcove_4, serial_shops, shop
D:11:     layout_long_grid, grunt_lair_entry_orc_guard_hut, enter_trove_6
D:12:     layout_basic, uniq_maurice, uniq_nergalle
D:13:     layout_basic
D:14:     minmay_crescents, layout_basic, david_vaults_2,
          nicolae_tso_swordbearing_angel, xom_shifter_show
D:15:     gammafunk_depths_entry_grave, layout_cave_pools, lemuel_tele_altar,
          nicolae_looking_at_the_future, uniq_jorgrun
Temple:   cyrus_circular_temple
Lair:1:   layout_cave_pods, nicolae_lair_grazing_beasts
          [nicolae_sub_lair_graze_edge, nicolae_sub_lair_graze_edge,
          nicolae_sub_lair_graze_edge, nicolae_sub_lair_graze_edge], uniq_erica,
          uniq_fannar, uniq_amaemon
Lair:2:   layout_hall_layers, dummy_snake_entry, gammafunk_ghost_grave,
          beast_lair_carwin_4, infiniplex_staircase_pool_2
Lair:3:   layout_roguey, minmay_swamp_entry_swarm,
          chequers_serial_rivers_micro_c, nicolae_lair_run_with_the_wolves,
          serial_bayou_shore_b, uniq_nessos
Lair:4:   layout_loops_ring, grunt_megastairs_4
Lair:5:   minmay_lair_end_frog_pond, layout_gridlike,
          nicolae_slime_entry_slimehenge, lemuel_fruit_tree,
          lemuel_fruit_fields, uniq_urug
Swamp:1:  layout_basic_swamp, gammafunk_ghost_wrathful_warriors,
          nicolae_swamp_triple_paths, swamp_pool2, uniq_frances
Swamp:2:  layout_basic_swamp, ebering_ghost_funeral_grove,
          evilmike_swamp_ruin_house_2
Swamp:3:  layout_basic_swamp, evilmike_swamp_ruin_house_3, swamp_pool1
Swamp:4:  grunt_swamp_rune_castle, layout_basic_swamp, swamp_pool1,
          cheibrodos_swamp_pet_leeches
Snake:1:  layout_onion_interference
Snake:2:  layout_honeycomb, gammafunk_ghost_split, basic_altar, uniq_donald
Snake:3:  layout_cave_town, grunt_megastairs_3, serial_bayou_shore_a,
          uniq_vashnia, uniq_kirke, uniq_azrael, uniq_louise, uniq_bai_suzhen,
          uniq_aizul
Snake:4:  snake_pit_salamanders_mu, layout_layer_cave, serial_shops,
          bzr_entry_dummy
Orc:1:    layout_caves, special_room [special_room_orc]
Orc:2:    st_orc_ogre_mass, layout_caves, maelrawn_ghost_gauntlet_escape,
          david_defended_altar_orc
Elf:1:    minmay_elf_arrival_summoners, layout_onion_city, evilmike_minifort,
          nicolae_elf_loose_elemental_storage
Elf:2:    elven_hall_of_blades_hangedman_alternative
          [nicolae_blade_entry_pointy_end], layout_geoelf_diagonals
Elf:3:    minmay_elf_hall_dome, layout_geoelf_octagon, serial_shops, shop,
          minmay_misc_feat_pillars
Vaults:1: nicolae_vaults_more_shelving_1, nicolae_vaults_offset_grid_hallway_2,
          ontoclasm_vaults_spin, hangedman_vaults_capsules, v_misc_11,
          st_squares, vaults_standard_mumra_x, hangedman_vaults_variations,
          nicolae_vaults_house_2, nicolae_vaults_apartment_1,
          nicolae_vaults_tetromino_L_2, layout_vaults_omnicross, serial_shops,
          shop
Vaults:2: ontoclasm_vaults_ligature, nicolae_vaults_windows_and_doors_thing,
          nicolae_vaults_trapezoid_lopsided_4, nicolae_vaults_little_squares_3,
          vaults_room_door_hall, nicolae_vaults_trapezoid_lopsided_1,
          nicolae_vaults_little_squares_4, vaults_room_octagon,
          layout_vaults_omnigrid, uniq_boris
Vaults:3: vaults_room_boxed, hangedman_vaults_stagger, vaults_room_ringed_pool,
          nicolae_vaults_storage_closets_2, nicolae_vaults_storage_closets_1,
          nicolae_vaults_stepped_doors, nicolae_vaults_tetromino_L_1,
          grunt_vaults_focal, vaults_mumra_chevron, sword_in_stone,
          layout_vaults_chaotic_city, minmay_crypt_entry_simple_statues
Vaults:4: nicolae_vaults_stairing_the_circle, grunt_vaults_diagonal,
          nicolae_vaults_tetromino_Z_2, v_misc_14, vaults_room_fours,
          vaults_room_fours, v_misc_9, nicolae_vaults_theta,
          nicolae_vaults_display_case, layout_vaults_omnibox, serial_shops,
          shop, uniq_jory
Crypt:1:  layout_chaotic_city, basic_altar, st_stairs_8,
          grunt_crypt_arrival_guarded_gate, grunt_megastairs_2, uniq_josephina
Crypt:2:  layout_gridlike, tombwall_bobbens
Crypt:3:  lightli_unholy_cathedral, layout_chaotic_city,
          hellmonk_ghost_big_iron, basic_altar, nicolae_crypt_cryptocurrency,
          hex_medium, grunt_megastairs_1
Depths:1: layout_honeycomb, nicolae_gozag_cash_rules_everything_around_me,
          hell_entry, minivault_16, st_stairs_3, nicolae_diode_stairs
Depths:2: minmay_outward_triangles, layout_long_grid,
          muffindrake_ghost_dual_entry, pf_dread_powers_of_hell,
          rand_demon_pan_entry_5, hangedman_decor_points, uniq_vv
Depths:3: minmay_dotted_concentric_squares, layout_gridville,
          abyss_entry_flame_altar, nemelex_lonely_heart_becter, hell_entry
Depths:4: lemuel_castle_with_subvaults [lemuel_castle_interior_carwin_2],
          layout_cave_pools, enter_ziggurat_e, abyss_entry_crystal,
          serial_bayou_pond_d, pf_coc_iceberg, minmay_liquid_box,
          nicolae_ru_the_path_less_chosen
Hell
Zot:1:    lemuel_halls_of_wrath, layout_gridlike, uniq_tiamat
Zot:2:    grunt_zot_stairs_faceoff, layout_gridlike
Zot:3:    circus_mu, layout_onion_interference, nzn_random_ring
Zot:4:    lemuel_firehouse, layout_cathedral_of_symmetry, grunt_ministairs_4
Zot:5:    layout_basic

Skill      XL: |  1  2  3  4  5  6  7  8  9 10 11 12 13 14 15 16 17 18 19 20 21 22 23 24 25 26 27 |
---------------+----------------------------------------------------------------------------------+-----
Stealth        | 1 2 3 |  3.9
Summonings     | 1 2 3 4 5 7 8 |  8.9
Polearms       | 1 2 3 5 7 8 9 11 12 13 14 | 14.0
Fighting       | 3 4 5 7 9 10 12 13 15 16 17 18 19 20 21 23 | 23.3
Invocations    | 2 5 6 9 10 12 13 15 16 17 18 19 20 22 24 27 | 27.0
Armour         | 3 5 6 10 13 15 16 21 | 21.1
Ice Magic      | 4 6 |  6.0
Spellcasting   | 4 |  4.2
Dodging        | 2 5 6 10 12 13 | 13.6
Shields        | 8 9 12 15 17 18 19 20 21 22 | 22.0
Evocations     | 3 |  3.4
Translocations | 3 7 8 9 |  9.2
Air Magic      | 1 6 |  6.3
Maces & Flails | |  2.2
Throwing       | |  0.8

Action                     |  1- 3 |  4- 6 |  7- 9 | 10-12 | 13-15 | 16-18 | 19-21 | 22-24 | 25-27 || total
---------------------------+-------+-------+-------+-------+-------+-------+-------+-------+-------++-------
  Melee: Mace              |   147 |   133 |    55 |       |       |       |       |       |       ||   335
         Punch             |     1 |     1 |     1 |       |     1 |       |       |       |       ||     4
         Demon trident     |       |    36 |    65 |       |       |       |       |       |       ||   101
         Lajatang          |       |       |    71 |   410 |   477 |       |       |       |       ||   958
         Trishula          |       |       |       |       |   427 |  1364 |  1746 |  2123 |  2935 ||  8595
  Throw: Boomerang         |     7 |       |       |       |       |       |       |       |       ||     7
         Javelin           |       |       |       |       |     1 |     2 |       |       |       ||     3
   Cast: Call Canine Famil |       |     5 |    23 |    38 |    31 |       |       |       |       ||    97
         Summon Ice Beast  |       |       |       |    11 |    30 |     1 |       |       |       ||    42
         Vhi's Electric Ch |       |       |       |       |       |       |       |    39 |       ||    39
 Invoke: Cleansing Flame   |       |       |       |       |     2 |     6 |     8 |    10 |    17 ||    43
         Divine Shield     |       |       |       |       |     5 |     7 |     1 |     3 |     6 ||    22
         Brand Weapon With |       |       |       |       |     1 |       |       |       |       ||     1
         Summon Divine War |       |       |       |       |       |     3 |     6 |     2 |     8 ||    19
  Evoke: Wand              |       |       |       |     4 |     3 |       |     2 |       |    12 ||    21
         Phantom mirror    |       |       |       |       |       |     1 |       |       |       ||     1
         Box of beasts     |       |       |       |       |       |       |     1 |       |       ||     1
    Use: Scroll            |     1 |     9 |     4 |     9 |    14 |    14 |     8 |     7 |    11 ||    77
         Potion            |     1 |     1 |     1 |     6 |     4 |     4 |       |     3 |    18 ||    38
   Stab: Sleeping          |     2 |     7 |     2 |       |       |       |       |       |       ||    11
         Invisible         |     2 |     1 |       |       |       |       |       |       |       ||     3
 Armour: Leather armour    |    66 |    83 |   113 |    34 |       |       |       |       |       ||   296
         Ring mail         |       |       |       |   316 |   513 |   374 |   488 |   476 |       ||  2167
         Acid dragon scale |       |       |       |       |    52 |   196 |       |       |       ||   248
         Gold dragon scale |       |       |       |       |       |       |       |       |   696 ||   696
  Dodge: Dodged            |   123 |   134 |   182 |   313 |   504 |   330 |   328 |   482 |   433 ||  2829
  Block: Other             |       |       |       |       |     2 |       |       |       |       ||     2
         Buckler           |       |       |       |       |   124 |   202 |       |       |       ||   326
         Reflection        |       |       |       |       |     6 |    66 |   147 |       |       ||   219
         Tower shield      |       |       |       |       |       |   105 |  1227 |  1938 |  2773 ||  6043
         Kite shield       |       |       |       |       |       |   706 |   355 |       |       ||  1061

Table legend: (Time is in decaauts)
 A = Elapsed time spent in this place.
 B = Non-inter-level travel time spent in this place.
 C = Inter-level travel time spent in this place.
 D = Time resting spent in this place.
 E = Time spent auto-exploring this place.
 F = Levels seen in this place.
 G = Mean time per level.
                   A        B        C        D        E       F      G
               +--------+--------+--------+--------+--------+-----+--------+
         Total |  70044 |  63959 |   6085 |   3164 |  46639 |  63 | 1111.8 |
       Dungeon |  19240 |  16348 |   2892 |   1013 |  12317 |  15 | 1282.7 |
        Temple |    109 |     97 |     12 |      0 |     34 |   1 |  109.0 |
          Lair |   8097 |   7534 |    563 |    531 |   5857 |   5 | 1619.4 |
         Swamp |   3620 |   3288 |    332 |      0 |   2507 |   4 |  905.0 |
     Snake Pit |   6016 |   5766 |    250 |     26 |   4614 |   4 | 1504.0 |
  Orcish Mines |   2592 |   2404 |    188 |    268 |   1508 |   2 | 1296.0 |
   Elven Halls |   2802 |   2595 |    207 |      0 |   1964 |   3 |  934.0 |
        Vaults |   7001 |   6644 |    357 |    156 |   5171 |   4 | 1750.2 |
         Crypt |   2673 |   2470 |    203 |      0 |   1748 |   3 |  891.0 |
        Depths |   6842 |   6355 |    487 |    848 |   3982 |   4 | 1710.5 |
          Hell |     25 |     25 |      0 |      0 |      0 |   1 |   25.0 |
           Zot |   8154 |   7565 |    589 |    261 |   5346 |   5 | 1630.8 |
         Abyss |   2640 |   2640 |      0 |     61 |   1463 |  10 |  264.0 |
        Bazaar |    171 |    171 |      0 |      0 |    125 |   1 |  171.0 |
         Trove |     57 |     57 |      0 |      0 |      1 |   1 |   57.0 |
               +--------+--------+--------+--------+--------+-----+--------+

Top non-repeatable levels by time:
    D:11: 2546 daAuts
   Zot:1: 2325 daAuts
Vaults:1: 2268 daAuts
  Lair:1: 2168 daAuts
Depths:4: 2095 daAuts
 Snake:4: 2040 daAuts
Depths:2: 1967 daAuts
Depths:3: 1828 daAuts
  Lair:5: 1802 daAuts
  Lair:4: 1795 daAuts
Vaults:3: 1788 daAuts
     D:7: 1771 daAuts
    D:14: 1758 daAuts
Vaults:2: 1713 daAuts
     D:9: 1683 daAuts
